 Dungeon Crawl Stone Soup version 0.20.0-15-g7f486f2 (webtiles) character file.

31498 4thArraOfDagon the Unseen (level 12, -18/56 HPs)
             Began as a Spriggan Monk on June 10, 2017.
             Was the Champion of Jiyva.
             Shot with a bolt by a yaktaur captain (31 damage)
             ... on level 2 of the Depths.
             The game lasted 00:46:41 (8937 turns).

4thArraOfDagon the Unseen (Spriggan Monk)           Turns: 8937, Time: 00:46:43

Health: -18/56     AC:  4    Str:  5    XL:     12   Next: 28%
Magic:  14/18      EV: 33    Int: 13    God:    Jiyva [******]
Gold:   507        SH:  0    Dex: 23    Spells: 9/11 levels left

rFire    + . .     SeeInvis +   e - +1 short sword (elec)
rCold    . . .     Gourm    .   (shield restricted)
rNeg     + + .     Faith    .   y - +2 robe of Least Resistance {rPois rN++ Str-5}
rPois    +         Spirit   .   (helmet restricted)
rElec    .         Reflect  .   (no cloak)
rCorr    +         Harm     .   (gloves unavailable)
MR       ++...                  (boots unavailable)
Stlth    +++++++...             q - amulet of regeneration
Regen    0.6/turn               A - ring of protection from fire
MPRegen  0.2/turn               R - ring of the Stallion {rCorr +Inv}

@: slimy, very slightly contaminated, very quick
A: unfitting armour, see invisible, clever 1, herbivore 3, speed 3, high mp 1,
mutation resistance 1, slow metabolism 2, strong 1, wild magic 1, translucent
skin 1, tendrils
}: 1/15 runes: slimy
a: Request Jelly, Slimify, Cure Bad Mutation, Renounce Religion, Evoke
Invisibility


You were on level 2 of the Depths.
You worshipped Jiyva.
Jiyva was exalted by your worship.
You were completely stuffed.

You visited 4 branches of the dungeon, and saw 28 of its levels.
You also visited: Labyrinth.

You collected 640 gold pieces.
You spent 133 gold pieces at shops.

Inventory:

Hand Weapons
 e - a +1 short sword of electrocution (weapon)
 L - a +0 blowgun
 T - the +5 long sword "Killer Bee's Peril" {holy, Int+4}
   (You found it on level 15 of the Dungeon)

   It has been blessed by the Shining One to cause great damage to the undead
   and demons.
   It affects your intelligence (+4).
Armour
 b - a +1 robe
 y - the +2 robe of Least Resistance (worn) {rPois rN++ Str-5}
   (You found it on level 10 of the Dungeon)

   It affects your strength (-5).
   It protects you from poison.
   It greatly protects you from negative energy.
Jewellery
 q - an amulet of regeneration (around neck)
 A - a ring of protection from fire (left hand)
 R - the ring of the Stallion (right hand) {rCorr +Inv}
   (You found it on level 11 of the Dungeon)

   [ring of resist corrosion]

   It lets you turn invisible.
Wands
 a - a wand of random effects (24/48)
 g - a wand of digging (13/24)
 p - a wand of iceblast (10/15)
 r - a wand of paralysis (6/24)
 Q - a wand of disintegration (11/24)
Scrolls
 h - 9 scrolls of remove curse
 i - 3 scrolls of blinking
 n - 6 scrolls of silence {unknown}
 t - 3 scrolls of fear {unknown}
 u - 2 scrolls of magic mapping
 x - 3 scrolls of amnesia {unknown}
 z - 4 scrolls of teleportation
 B - 3 scrolls of recharging
 C - 4 scrolls of enchant armour
 D - 4 scrolls of enchant weapon
 G - a scroll of random uselessness {unknown}
 I - a scroll of immolation {unknown}
 S - a scroll of vulnerability
 U - a scroll of noise
Potions
 d - 6 potions of curing {unknown}
 m - 4 potions of haste
 o - 6 potions of lignification {unknown}
 w - 4 potions of mutation {unknown}
 E - a potion of degeneration {unknown}
 F - 3 potions of agility {unknown}
 H - 3 potions of berserk rage {unknown}
 J - a potion of ambrosia {unknown}
 K - 4 potions of cancellation
 M - a potion of invisibility
 P - a potion of might
Books
 f - a book of Geomancy

   Spells                             Type                      Level
   a - Sandblast                      Earth                        1
   b - Passwall                       Transmutation/Earth          2
   c - Stone Arrow                    Conjuration/Earth            3
   d - Petrify                        Transmutation/Earth          4
   e - Lee's Rapid Deconstruction     Earth                        5
 s - the Disquisition on Supportive Evil
   (You found it on level 5 of the Pits of Slime)

   Spells                             Type                      Level
   a - Corpse Rot                     Necromancy                   2
   b - Call Canine Familiar           Summoning                    3
   c - Summon Mana Viper              Hexes/Summoning              5
   d - Death Channel                  Necromancy                   6
Miscellaneous
 j - a phial of floods
 v - a phial of floods
Comestibles
 c - 7 bread rations
 l - 16 fruits
 O - 2 royal jellies


   Skills:
 - Level 2.4 Fighting
 * Level 14.1 Short Blades
 * Level 15.2 Dodging
 + Level 15.5 Stealth
 * Level 5.5 Evocations


You had 9 spell levels left.
You knew the following spells:

 Your Spells              Type           Power        Failure   Level  Hunger
a - Passwall              Tmut/Erth      #.........   52%         2    ###....


Dungeon Overview and Level Annotations

Branches:
Dungeon (15/15)              Lair (6/6) D:9           Snake (0/4) Lair:4
  Slime (5/5) Lair:6       Depths (2/5) D:15
 Temple: D:4-7        Swamp: Lair:2-4    Shoals: Lair:2-4       Orc: D:9-12
 Vaults: D:13-14

Altars:
Gozag
Nemelex Xobeh
Okawaru
Trog
Uskayaw
Xom
Jiyva

Shops:
D:5 (   D:6 %**   D:12 [

Annotations:
Lair:1 Soyweiser's ghost, adept MiFi
Slime:5 Royal Jelly


Innate Abilities, Weirdness & Mutations

You are very small and have problems with some larger weapons.
You are too small for most types of armour.
You have supernaturally acute eyesight. (SInv)
You are a herbivore.
You cover ground extremely quickly.
You need consume almost no food.
Your mind is acute. (Int +2)
You have an increased reservoir of magic. (+10% MP)
You are somewhat resistant to further mutation.
Your muscles are strong. (Str +2)
Your spells are a little harder to cast, but a little more powerful.
Your translucent skin slightly reduces your foes' accuracy. (Stealth)
You are covered in slimy tendrils that may disarm your opponents.


Message History

The centaur warrior unwields an uncursed war axe.
The centaur warrior wields a shortbow.
The centaur warrior shoots an arrow.
The arrow hits you!
* * * LOW HITPOINT WARNING * * *
You shudder from the blast and a jelly pops out!
You see here an arrow.
Unknown command.
Unknown command.
Unknown command.
Unknown command.
A thick mucus forms on your +1 short sword of electrocution.
The centaur warrior hits you with a shortbow.
* * * LOW HITPOINT WARNING * * *
You hear a grinding noise.
The centaur warrior barely misses you.
A yaktaur captain comes into view.
You closely miss the centaur warrior.
The yaktaur captain wields an arbalest.
The yaktaur captain shoots a bolt.
The bolt hits you!!
Ouch! That really hurt!
You die...

....##.(.#### *,* *,*,,,*,,,,,,,
............#*#.*****,**,,,,,,,,,
#......####.....,,,,,,,,**,,,,,,,
#....##..#*,###.******,,,,**,,,,,
#..##..T##*,***.##****,,*,,,*,,,,
###...##.#*,,,,...,,,,,,*,,,*,,,,
#.....# #.#****#.#****,*,,,*,,,*,
##.#.#####.# #c# *,*,,,*,,,*,
#..........####@## **,,,*,,,*,,
##.#........(.JJ..##***,,,*,,,*,,
#..#.#...####.###c..#,*,,,,**,,,,
#..#...##..#(.#..##...#,,*,,,**,,
+.#...#....#.J#.c..#..c#,,,*,,,**
..#...#.#.#...c#,*,*...#,,,***,,,
.#...#.#..#..)c#,,*,*...*,,,*****
.#...#..##......**,,*,..*,,,**
#.....##....##...,**,,,,,*,,,*


You could see a yaktaur captain, a centaur warrior, a yaktaur, a friendly azure
jelly and a friendly death ooze.

Vanquished Creatures
  An ettin (D:15)
  A minotaur (Lab)
  A hydra (Lair:3)
  6 two-headed ogres
  2 centaur warriors
  An unseen horror (D:15)
  A deep elf mage (D:15)
  A cyclops (D:12)
  2 spiny frogs
  2 komodo dragons
  2 trolls
  3 dream sheep (Slime:2)
  3 hippogriffs
  6 yaks
  2 wyverns
  A basilisk (Lair:3)
  3 hogs (D:15)
  3 vampire mosquitoes (D:15)
  A warg (D:9)
  3 water moccasins
  An acid dragon (D:14)
  A porcupine (Lair:3)
  2 ice beasts (D:11)
  A sky beast (D:8)
  A phantom (D:12)
  A black bear (D:10)
  12 centaurs
  An ogre (D:5)
  2 crocodiles
  A big kobold (D:7)
  14 bullfrogs
  A scorpion (D:8)
  2 wights (D:5)
  3 crimson imps
  6 hounds
  2 orc wizards
  4 orc priests
  5 iguanas
  3 worker ants
  A howler monkey skeleton (D:10)
  3 gnolls (D:8)
  5 adders
  A shadow imp (D:15)
  A worm (D:2)
  3 dart slugs
  2 leopard geckos
  6 orcs
  6 giant cockroaches
  6 goblins
  7 hobgoblins
  4 jackals (D:8)
  4 quokkas
  2 ball pythons
  2 bats
  2 frilled lizards
  7 kobolds
  3 rats
173 creatures vanquished.

Vanquished Creatures (collateral kills)
  A two-headed ogre (D:10)
  A deep troll (Depths:2)
  2 rime drakes
  A yaktaur (Depths:2)
  2 komodo dragons (Lair:6)
  A troll (D:10)
  2 dream sheep (Lair:6)
10 creatures vanquished.

Vanquished Creatures (others)
  A death ooze (Depths:1)
  A hydra (D:15)
  A polar bear (Slime:1)
  3 slime creatures
  A blink frog (Lair:6)
  3 dream sheep
  2 yaks
  3 hogs (D:15)
  2 water moccasins (Slime:2)
  A soldier ant (D:12)
  An ogre (D:6)
  A crocodile (Lair:1)
  2 bullfrogs
  A killer bee (D:10)
  A wight (D:6)
  30 jellies
  A bullfrog skeleton (D:7)
  An orc wizard (D:10)
  2 worker ants
  A gnoll (D:8)
  A leopard gecko (D:3)
  3 orcs
  3 hobgoblins
  A kobold (D:3)
  A quokka (D:3)
  A bat (D:3)
  A giant cockroach zombie (D:5)
  2 rats
  A bush (Lair:5)
  16 fungi
  4 plants (D:9)
93 creatures vanquished.

Grand Total: 276 creatures vanquished

Notes
Turn   | Place    | Note
-------+----------+-------------------------------------------
     0 | D:1      | 4thArraOfDagon the Spriggan Monk began the quest for the Orb.
     0 | D:1      | Reached XP level 1. HP: 11/11 MP: 2/2
   391 | D:3      | Reached XP level 2. HP: 16/16 MP: 3/3
   469 | D:3      | Noticed a phantom
   715 | D:5      | Entered Level 5 of the Dungeon
   895 | D:4      | You fall through a shaft!
   956 | D:6      | Noticed a scorpion
   973 | D:6      | Noticed a wight
   974 | D:6      | Noticed an ogre
   976 | D:6      | Noticed a wight
   978 | D:6      | Noticed a wight
   978 | D:7      | Noticed a centaur
   981 | D:7      | Noticed a centaur
  1039 | D:8      | Noticed a two-headed ogre
  1051 | D:8      | Killed a two-headed ogre
  1051 | D:8      | Reached XP level 3. HP: 11/19 MP: 4/4
  1051 | D:8      | Reached XP level 4. HP: 13/23 MP: 5/5
  1051 | D:8      | Reached XP level 5. HP: 16/27 MP: 6/6
  1051 | D:8      | Reached XP level 6. HP: 19/32 MP: 7/7
  1051 | D:8      | Reached XP level 7. HP: 21/35 MP: 8/8
  1138 | D:8      | Noticed a two-headed ogre
  1149 | D:8      | Killed a two-headed ogre
  1149 | D:8      | Reached XP level 8. HP: 31/39 MP: 9/9
  1166 | D:9      | Found a staircase to the Lair.
  1216 | D:9      | Noticed a two-headed ogre
  1230 | Lair:1   | Entered Level 1 of the Lair of Beasts
  1252 | Lair:1   | Reached skill level 5 in Dodging
  1312 | Lair:3   | Noticed a komodo dragon
  1332 | Lair:4   | Noticed a spiny frog
  1362 | Lair:4   | Found a labyrinth entrance.
  1369 | Lab      | Entered a labyrinth
  1584 | Lab      | Noticed a minotaur
  1596 | Lab      | Killed a minotaur
  1596 | Lab      | Reached XP level 9. HP: 43/43 MP: 10/10
  1746 | Lair:5   | Reached skill level 10 in Short Blades
  1754 | Lair:6   | Entered Level 6 of the Lair of Beasts
  1881 | Lair:5   | Noticed a komodo dragon
  1883 | Lair:5   | Noticed a spiny frog
  1886 | Lair:5   | Noticed a rime drake
  1928 | Lair:6   | Noticed a spiny frog
  1931 | Lair:6   | Killed a spiny frog
  1939 | Lair:6   | Noticed a komodo dragon
  1955 | Lair:6   | Killed a komodo dragon
  1973 | Lair:6   | Found a viscous altar of Jiyva.
  1974 | Lair:6   | Found a staircase to the Slime Pits.
  1976 | Lair:6   | Noticed a polar bear
  1981 | Lair:6   | Became a worshipper of Jiyva Joamnas the Shapeless
  1981 | Lair:6   | Reached * piety under Jiyva
  1981 | Lair:6   | Reached ** piety under Jiyva
  1983 | Lair:6   | Noticed a polar bear
  1984 | Slime:1  | Entered Level 1 of the Pits of Slime
  2001 | Slime:1  | Noticed a shining eye
  2219 | Slime:1  | Killed a polar bear
  2242 | Lair:6   | Noticed a five-headed hydra
  2244 | Lair:6   | Noticed a komodo dragon
  2293 | Lair:6   | Noticed a spiny frog
  2307 | Slime:2  | Reached skill level 10 in Dodging
  2550 | Lair:6   | Noticed a komodo dragon
  2560 | Lair:6   | Noticed a spiny frog
  2565 | Lair:6   | HP: 2/43 [dream sheep (31)]
  2565 | Lair:6   | Reached *** piety under Jiyva
  2747 | Lair:4   | Found a staircase to the Snake Pit.
  2778 | Lair:3   | Noticed a spiny frog
  2780 | Lair:3   | Noticed a spiny frog
  2982 | Lair:1   | Noticed Soyweiser's ghost (adept MiFi)
  3004 | D:9      | murphy: where did u find jiyva?
  3074 | D:8      | Noticed a two-headed ogre
  3082 | D:8      | Reached XP level 10. HP: 37/47 MP: 8/11
  3102 | D:8      | Killed a two-headed ogre
  3125 | D:8      | Gained mutation: You possess an exceptional clarity of mind. [Jiyva's grace]
  3266 | D:8      | 4thArraOfDagon: lair :)
  3446 | D:7      | Gained mutation: Your flesh is heat resistant. (rF+) [Jiyva's grace]
  3446 | D:7      | Reached **** piety under Jiyva
  3457 | D:6      | Found Dokiffuq's Assorted Antiques.
  3460 | D:6      | Bought a scroll of teleportation for 87 gold pieces
  3638 | D:5      | Found Meluc's Weapon Shoppe.
  3893 | D:3      | Found an iron altar of Okawaru.
  3893 | D:3      | Found a hide-covered altar of Uskayaw.
  3893 | D:3      | Found a bloodstained altar of Trog.
  3989 | D:3      | Gained mutation: Your spells are a little harder to cast, but a little more powerful. [Jiyva's grace]
  4450 | D:2      | Gained mutation: You are agile. (Dex +2) [Jiyva's grace]
  4614 | D:1      | Reached ***** piety under Jiyva
  4852 | D:4      | Gained mutation: Your translucent skin slightly reduces your foes' accuracy. (Stealth) [Jiyva's grace]
  5476 | D:6      | Found Dootut's Assorted Antiques.
  5479 | D:6      | Bought a grey potion for 23 gold pieces
  5479 | D:6      | Bought a puce potion for 23 gold pieces
  5508 | D:6      | Found Qiasytza's Food Shop.
  5669 | D:7      | Found an opulent altar of Gozag.
  5836 | D:7      | Gained mutation: You are covered in slimy tendrils that may disarm your opponents. [Jiyva's grace]
  6020 | D:9      | Killed a two-headed ogre
  6187 | Lair:1   | Noticed a spiny frog
  6191 | Lair:1   | Killed a spiny frog
  6313 | Lair:1   | Lost mutation: You possess an exceptional clarity of mind. [Jiyva's grace]
  6383 | Lair:1   | Reached ****** piety under Jiyva
  6389 | Lair:2   | Noticed a black mamba
  6453 | Lair:2   | Slimified a black mamba
  6453 | Lair:2   | a black mamba changed into a slime creature
  6677 | Lair:6   | Gained mutation: Your mind is acute. (Int +2) [Jiyva's grace]
  6710 | Slime:3  | Noticed an azure jelly
  6713 | Slime:3  | Noticed an acid blob
  6729 | Slime:3  | Noticed an acid blob
  6739 | Slime:5  | Entered Level 5 of the Pits of Slime
  6752 | Slime:5  | Noticed an acid blob
  6752 | Slime:5  | Noticed an acid blob
  6753 | Slime:5  | Noticed a shining eye
  6754 | Slime:5  | Noticed a great orb of eyes
  6756 | Slime:5  | Found a viscous altar of Jiyva.
  6756 | Slime:5  | Noticed the Royal Jelly
  6763 | Slime:5  | Noticed an azure jelly
  6768 | Slime:5  | Lost mutation: You are agile. (Dex +2) [Jiyva's grace]
  6780 | Slime:5  | Noticed an acid blob
  6783 | Slime:5  | Noticed an acid blob
  6787 | Slime:5  | Noticed an acid blob
  6787 | Slime:5  | Lost mutation: Your flesh is heat resistant. (rF+) [Jiyva's grace]
  6794 | Slime:5  | Got a slimy rune of Zot
  6797 | Slime:5  | Identified the Disquisition on Supportive Evil
  6816 | Slime:5  | 4thArraOfDagon: one artifact :(
  6822 | Slime:5  | Gained mutation: Your muscles are strong. (Str +2) [Jiyva's grace]
  6833 | Slime:5  | Noticed an acid blob
  6848 | Slime:5  | Turgon: And they ate your wands of hasting and teleportation
  6862 | Slime:5  | 4thArraOfDagon: devs? :)
  6862 | Slime:5  | Turgon: slimes
  6876 | Slime:2  | Noticed an acid blob
  6879 | Slime:2  | Noticed an acid blob
  6885 | Slime:1  | Noticed an azure jelly
  6909 | Slime:1  | Turgon: There's a known bug in the game that you WILL get yellow wands
  6911 | Lair:6   | Turgon: When your nickname starts with 'T' or '4'
  7013 | Lair:5   | 4thArraOfDagon: o hahah
  7013 | Lair:5   | 4thArraOfDagon: gotta rename then
  7042 | Lair:3   | Noticed an eight-headed hydra
  7045 | Lair:3   | Reached XP level 11. HP: 51/51 MP: 12/12
  7049 | Lair:3   | Killed an eight-headed hydra
  7207 | D:9      | Turgon: Haste spell/wand was very good to compensate for slow actions of *statuepodes*
  7228 | D:9      | Turgon: But now?
  7254 | D:10     | Entered Level 10 of the Dungeon
  7260 | D:10     | Got a heavily jewelled robe
  7261 | D:10     | Turgon: Statue form means slow
  7281 | D:10     | Identified the +2 robe of Least Resistance {rPois rN++ Str-5} (You found it on level 10 of the Dungeon)
  7309 | D:10     | Turgon: And there are few pots of hasting
  7328 | D:10     | Noticed a two-headed ogre
  7338 | D:10     | Killed a two-headed ogre
  7347 | D:10     | Found a shimmering altar of Xom.
  7350 | D:10     | Turgon: I doubt they are enough for extended
  7450 | D:10     | Gained mutation: You are somewhat resistant to further mutation. [Jiyva's grace]
  7551 | D:10     | Turgon: It's just: what I did for years is not possible any longer
  7551 | D:10     | You fall through a shaft!
  7863 | D:11     | Got a faintly glowing pewter ring
  7864 | D:11     | Noticed a two-headed ogre
  7869 | D:11     | Killed a two-headed ogre
  7972 | D:11     | Turgon: check ring?
  8048 | D:12     | Found Vyuh's Armour Shoppe.
  8102 | D:12     | Identified the ring of the Stallion {rCorr +Inv} (You found it on level 11 of the Dungeon)
  8150 | D:13     | Noticed a centaur warrior
  8155 | D:13     | Turgon: +Inv!
  8155 | D:13     | Killed a centaur warrior
  8155 | D:13     | Reached skill level 15 in Stealth
  8188 | D:13     | Noticed an orc knight
  8239 | D:15     | Entered Level 15 of the Dungeon
  8253 | D:15     | Got a shimmering long sword
  8255 | D:15     | Noticed a deep elf knight
  8256 | D:15     | Found a staircase to the Depths.
  8256 | D:15     | Noticed an ettin
  8258 | D:15     | Noticed a two-headed ogre
  8258 | D:15     | Noticed an orc sorcerer
  8260 | D:15     | Killed an ettin
  8277 | D:15     | Identified the +5 long sword "Killer Bee's Peril" {holy, Int+4} (You found it on level 15 of the Dungeon)
  8339 | D:13     | Found a sparkling altar of Nemelex Xobeh.
  8476 | D:15     | Noticed a two-headed ogre
  8483 | D:15     | Killed a two-headed ogre
  8483 | D:15     | Reached XP level 12. HP: 56/56 MP: 14/16
  8518 | D:15     | Learned a level 2 spell: Passwall
  8562 | D:15     | Reached skill level 15 in Dodging
  8592 | D:15     | Noticed a four-headed hydra
  8597 | D:15     | Noticed Kirke
  8610 | D:15     | Slimified Kirke
  8610 | D:15     | Noticed Kirke
  8610 | D:15     | Kirke changed into Kirke the azure jelly
  8617 | D:15     | Killed a four-headed hydra
  8623 | D:15     | Gained mutation: You have an increased reservoir of magic. (+10% MP) [Jiyva's grace]
  8775 | Depths:1 | Entered Level 1 of the Depths
  8775 | Depths:1 | Noticed an ice dragon
  8775 | Depths:1 | Noticed an ice dragon
  8775 | Depths:1 | Noticed a centaur warrior
  8775 | Depths:1 | Noticed a green very ugly thing
  8775 | Depths:1 | Noticed a green very ugly thing
  8775 | Depths:1 | Noticed a green very ugly thing
  8779 | Depths:1 | Killed a centaur warrior
  8779 | Depths:1 | Reached skill level 5 in Evocations
  8780 | Depths:1 | Noticed a lich
  8782 | Depths:1 | Noticed a vampire mage
  8785 | Depths:1 | Noticed a stone giant
  8789 | Depths:1 | Slimified a lich
  8789 | Depths:1 | Noticed a death ooze
  8789 | Depths:1 | a lich changed into a death ooze
  8793 | Depths:1 | Killed a death ooze
  8795 | Depths:1 | Slimified an ice dragon
  8795 | Depths:1 | Noticed an acid blob
  8795 | Depths:1 | an ice dragon changed into an acid blob
  8829 | Depths:2 | Turgon: Ouch, doing depths at XL 12
  8856 | Depths:2 | Turgon: My char is XL 25 and still has problems in depths
  8862 | Depths:2 | Noticed a deep troll earth mage
  8905 | Depths:2 | Noticed a deep troll earth mage
  8934 | Depths:2 | Noticed a centaur warrior
  8937 | Depths:2 | Noticed a yaktaur captain
  8937 | Depths:2 | Shot with a bolt by a yaktaur captain

Skill      XL: |  1  2  3  4  5  6  7  8  9 10 11 12 |
---------------+-------------------------------------+-----
Stealth        | 9 11 12 13 14 15 | 15.5
Short Blades   | 7 8 9 11 12 13 14 | 14.1
Dodging        | 7 10 12 14 15 | 15.2
Evocations     | 4 5 |  5.5
Fighting       | |  2.4

Action                   |  1- 3 |  4- 6 |  7- 9 | 10-12 || total
-------------------------+-------+-------+-------+-------++-------
Melee: Short sword       |    41 |       |    71 |   472 ||   584
Throw: Throwing net      |     1 |       |     1 |     2 ||     4
Invok: Request Jelly     |       |       |     1 |    22 ||    23
       Slimify           |       |       |       |     5 ||     5
 Abil: Evoke Invisibilit |       |       |       |     2 ||     2
Evoke: Wand              |       |       |     2 |       ||     2
  Use: Potion            |     1 |       |     1 |     2 ||     4
       Scroll            |       |       |    13 |    10 ||    23
 Stab: Sleeping          |     7 |       |     9 |    57 ||    73
       Held in net/web   |     2 |       |     1 |     2 ||     5
       Distracted        |       |       |       |     6 ||     6
Armor: Robe              |     4 |       |     5 |    10 ||    19
Dodge: Dodged            |    18 |       |    71 |   298 ||   387
Block: Other             |     3 |       |     9 |       ||    12
